Cogmind - Beta 13 @@@ ROGUE MODE // 2024.06.04 @ 12:31:14 Player: wojo Result: Destroyed by G-47 Trooper with Particle Gun Performance ------------- Evolutions (2) 1000 Regions Visited (5) 1000 Robots Destroyed (42) 210 Value Destroyed (996) 996 Prototype IDs (26) 520 Alien Tech Used (0) 0 Bonus (192) 192 TOTAL SCORE: 3918 Bonus ------- Aligned with FarCom 300 Friendly Fire -108 Cogmind --------- Core Integrity 0/550 Matter 47/300 Energy 65/100 System Corruption 5% Temperature Cool (31) Movement Treading (160) Location -8/Materials Parts ------- > --- POWER (1) -------- (None) > --- PROPULSION (3) --- Light Treads > --- UTILITY (5) ------ Structural Scanner Modified TNC > --- WEAPON (2) ------- (None) > --- INVENTORY (5) ---- Advanced Visual Processing Unit Melee Analysis Suite Reaction Control System Peak State ------------ > --- POWER ------------ Ion Engine > --- PROPULSION ------- (None) > --- UTILITY ---------- Structural Scanner Experimental Sensor Array Improved Signal Interpreter Modified TNC Hacking Suite > --- WEAPON ----------- Improved Light Cannon Rocket Launcher > --- INVENTORY -------- Rocket Launcher [Rating: 27] Favorites ----------- Power Light Nuclear Core Engine Ion Engine Power Core Light Nuclear Core Propulsion Aluminum Leg Treads Light Treads Leg Aluminum Leg Utility Hacking Suite Device Structural Scanner Storage Small Storage Unit Processor Targeting Computer Hackware Hacking Suite Weapon Assault Rifle Energy Cannon Beam Cannon Ballistic Gun Assault Rifle Ballistic Cannon Improved Light Cannon Launcher Rocket Launcher Slashing Weapon Mining Claw Build | -11 -10 -10 -10 -9 -8 ------- Run | Yrd Mat Min Exi Min Mat Slots Evolved 4 | . . . . . 4 Power . | . . . . . . Propulsion 1 | . . . . . 1 Utility 3 | . . . . . 3 Weapon . | . . . . . . Parts Attached 36 | 7 8 6 4 . 11 Power 3 | 1 1 . . . 1 Engine 2 | 1 . . . . 1 Core 1 | . 1 . . . . Reactor . | . . . . . . Propulsion 7 | 2 2 1 . . 2 Treads 3 | 2 . . . . 1 Leg 4 | . 2 1 . . 1 Wheel . | . . . . . . Hover . | . . . . . . Flight . | . . . . . . Utility 9 | 2 3 . 1 . 3 Device 4 | 1 1 . . . 2 Storage 1 | 1 . . . . . Processor 3 | . 1 . 1 . 1 Hackware 1 | . 1 . . . . Protection . | . . . . . . Artifact . | . . . . . . Weapon 17 | 2 2 5 3 . 5 Energy Gun . | . . . . . . Energy Cannon 1 | . . . . . 1 Ballistic Gun 5 | 2 . 1 2 . . Ballistic Cannon 1 | . . . . . 1 Launcher 9 | . 2 4 . . 3 Special Weapon . | . . . . . . Impact Weapon . | . . . . . . Slashing Weapon 1 | . . . 1 . . Piercing Weapon . | . . . . . . Special Melee Weapon . | . . . . . . Unidentified Prototypes 1 | . . . . . 1 Parts Lost 13 | . 1 . . 4 8 Power 2 | . . . . 1 1 Propulsion 4 | . 1 . . 2 1 Utility 2 | . . . . . 2 Weapon 5 | . . . . 1 4 Highest Loss Streak 5 | . 1 . . 4 5 To Critical Strikes . | . . . . . . Average Slot Usage (%) 88 | . 91 100 91 100 52 Engine 3 | . 6 . . . 2 Core 9 | . 7 14 14 14 . Treads 8 | . 18 . . . . Leg 13 | . 1 28 28 28 1 Device 4 | . 5 . . . 14 Storage 2 | . 6 . . . . Processor 11 | . 8 14 14 14 9 Hackware 10 | . 7 14 14 14 8 Ballistic Gun 9 | . 16 . 6 14 . Launcher 10 | . 11 27 . . 7 Slashing Weapon 3 | . . . 14 14 . Naked Turns . | . . . . . . Heaviest Build 15 | 15 15 13 9 9 15 Greatest Support 40 | 40 40 20 20 20 13 Greatest Overweight (x) 4 | . 4 . . . 4 Average Overweight (x) . | . . . . . 2 Largest Inventory Capacity 8 | 8 8 5 5 5 5 Average Capacity 5 | 7 6 5 5 5 5 Most Carried 8 | 2 8 5 5 5 4 Average Carried 4 | 1 5 4 5 5 2 Final Capacity 8 | 8 5 5 5 5 5 Final Carried 5 | 2 5 5 5 5 3 Class Distribution -------------------- 47% | Mutant 43% | Scavenger-Mutant 9% | Skirmisher Dominant Class ---------------- Mutant | -10/Materials Scavenger-Mutant | -10/Mines Scavenger-Mutant | -10/Exiles Scavenger-Mutant | -9/Mines Skirmisher | -8/Materials Resources | -11 -10 -10 -10 -9 -8 ----------- Run | Yrd Mat Min Exi Min Mat Matter Collected 1075 | 263 588 80 . 20 124 Remotely . | . . . . . . Salvage Created 981 | 29 575 55 . . 322 Parts 85 | 5 47 11 . . 22 Haulers Intercepted . | . . . . . . Recyclers Shooed . | . . . . . . Parts Field Recycled . | . . . . . . Retrieved Matter . | . . . . . . Parts Self-Destructed . | . . . . . . Prevented . | . . . . . . Kills | -11 -10 -10 -10 -9 -8 ------- Run | Yrd Mat Min Exi Min Mat Combat Hostiles Destroyed 26 | . 16 3 . . 7 Guns 10 | . 8 2 . . . Cannons 3 | . . . . . 3 AOE 13 | . 8 1 . . 4 Classes Destroyed 14 | 1 7 2 . . 4 Worker 2 | . 2 . . . . Builder 2 | . . 1 . . 1 Tunneler 3 | 2 . . . . 1 Recycler 2 | . 1 . . . 1 Operator 2 | . 2 . . . . Watcher 4 | . 3 . . . 1 Swarmer 9 | . 6 3 . . . Grunt 9 | . 7 . . . 2 Brawler 1 | . . . . . 1 Duelist 1 | . . . . . 1 Sentry 2 | . . . . . 2 Hunter 1 | . . . . . 1 Subdweller 3 | . 3 . . . . Zionite 1 | . . 1 . . . Best Kill Streak 4 | 1 3 4 . . 4 Combat Bots Only 3 | . 3 3 . . 3 Max Kills in Single Turn 3 | 1 3 3 . . 2 Gunslinging . | . . . . . . Exploded 3 | . 3 1 . . 2 Melee . | . . . . . . Uniques/NPCs Destroyed . | . . . . . . Combat | -11 -10 -10 -10 -9 -8 -------- Run | Yrd Mat Min Exi Min Mat Hostile Shots Fired 149 | . 43 4 . 11 91 Missed 47 | . 14 2 . 3 28 Damage Taken 2080 | . 514 113 . 329 1124 Core 784 | . 96 21 . 110 557 Absorbed by Shields . | . . . . . . Core Remaining (%) 54 | 100 . . . 9 . Volleys Fired 88 | 3 53 2 . 1 29 Largest 2 | 2 2 2 . 1 2 Hottest 99 | 40 66 53 . 20 99 Shots Fired 167 | 6 106 5 1 1 48 Gun 103 | 6 93 2 1 1 . Cannon 35 | . . . . . 35 Launcher 29 | . 13 3 . . 13 Special . | . . . . . . Kinetic 124 | 6 93 2 1 1 21 Thermal 14 | . . . . . 14 Explosive 29 | . 13 3 . . 13 Electromagnetic . | . . . . . . Robot Hit Streak 10 | 3 9 3 . . 10 Robot Miss Streak 4 | 1 4 1 . 1 3 Penetration Max . | . . . . . . Secondary Targets . | . . . . . . Shots Hit Robots 102 | 4 60 3 . . 35 Core Hits 62 | 2 31 7 . . 22 Critical Kills . | . . . . . . Critical Parts Destroyed 1 | . 1 . . . . Critical Strikes 2 | . 1 . . . 1 Destroy 1 | . 1 . . . . Blast 1 | . . . . . 1 Melee Attacks . | . . . . . . Impact . | . . . . . . Slashing . | . . . . . . Piercing . | . . . . . . Sneak Attacks . | . . . . . . Combat Hostiles . | . . . . . . Follow-up Attacks . | . . . . . . Damage Inflicted 2844 | 62 1331 215 . . 1236 Guns 752 | 59 671 22 . . . Cannons 486 | . . . . . 486 Explosions 1590 | . 660 182 . . 748 Melee . | . . . . . . Ramming 16 | 3 . 11 . . 2 Kinetic 1098 | 59 671 22 . . 346 Thermal 140 | . . . . . 140 Explosive 1590 | . 660 182 . . 748 Electromagnetic . | . . . . . . Impact . | . . . . . . Slashing . | . . . . . . Piercing . | . . . . . . Highest Corruption 5 | . 3 3 3 3 5 Average Corruption 3 | . 2 3 3 3 5 Corruption Purged . | . . . . . . Corruption Blocked . | . . . . . . Effects 57 | . 20 17 9 7 4 Message Errors 14 | . 4 5 4 1 . Matter Fused 18 | . 9 4 1 2 2 Heat Flow Errors 6 | . 1 2 . 2 1 Energy Discharges 3 | . 1 . 1 1 . Parts Fused 1 | . . . 1 . . Data Loss (minor) 5 | . . 3 . 1 1 Data Loss (major) 5 | . 2 2 1 . . Misfires 3 | . 1 1 1 . . Alerts 1 | . 1 . . . . Weapon Failures 1 | . 1 . . . . Overload Shots . | . . . . . . Overflow Damage 79 | . 5 . . . 74 Projectiles . | . . . . . . Explosions 79 | . 5 . . . 74 Melee . | . . . . . . Knockbacks 5 | . . . . . 5 Impact . | . . . . . . Kinetic 4 | . . . . . 4 Secondary 1 | . . . . . 1 Self-Inflicted Damage 264 | . 127 76 . . 61 Shots 8 | . 4 2 . . 2 Rammed 1 | 1 . . . . . Targets Rammed 5 | 1 . 3 . . 1 Kicked 4 | . . 3 . . 1 Crushed . | . . . . . . Highest Temperature 281 | . 214 221 . 281 233 Average Temperature 80 | . 48 104 . 143 71 Received Heat Transfer 483 | . 141 9 . . 333 Siege Activations . | . . . . . . Robots Corrupted . | . . . . . . Combat Hostiles . | . . . . . . Parts Fried . | . . . . . . Impact Corruptions . | . . . . . . Robots Melted . | . . . . . . Combat Hostiles . | . . . . . . Parts Melted . | . . . . . . Heat Transferred 296 | . . . . . 296 Parts Sabotaged . | . . . . . . Parts Stolen . | . . . . . . Parts Stripped . | . . . . . . Power Chain Reactions . | . . . . . . Alert | -11 -10 -10 -10 -9 -8 ------- Run | Yrd Mat Min Exi Min Mat Peak Influence 187 | 10 187 174 . 5 104 Initial 67 | . 6 67 . . 1 Average 43 | 7 41 76 . 3 40 Maximum Alert Level . | . . . . . . Low Security (%) 100 | 100 100 100 . 100 100 Level 1 . | . . . . . . Level 2 . | . . . . . . Level 3 . | . . . . . . Level 4 . | . . . . . . Level 5 . | . . . . . . High Security . | . . . . . . Max Security . | . . . . . . Squads Dispatched 7 | . 3 . . . 4 Investigation 2 | . 1 . . . 1 Extermination . | . . . . . . Reinforcement 2 | . 2 . . . . Assault . | . . . . . . Garrison 3 | . . . . . 3 Intercept . | . . . . . . Searches Triggered . | . . . . . . Construction Impeded . | . . . . . . Haulers Reinforced . | . . . . . . Active Scanning Responses . | . . . . . . Cargo Convoy Interrupts . | . . . . . . Stealth | -11 -10 -10 -10 -9 -8 --------- Run | Yrd Mat Min Exi Min Mat Distress Signals . | . . . . . . Communications Jammed . | . . . . . . Distress Signals . | . . . . . . Times Spotted 51 | . 30 3 . 4 14 Peak Tracking Total 7 | . 4 3 . 3 7 Tactical Retreats 1 | . . . . . 1 Traps | -11 -10 -10 -10 -9 -8 ------- Run | Yrd Mat Min Exi Min Mat Traps Triggered 5 | . 5 . . . . Indirectly . | . . . . . . Trap Hack Attempts . | . . . . . . Triggered . | . . . . . . Disarmed . | . . . . . . Reprogrammed . | . . . . . . Reused . | . . . . . . Traps Extracted . | . . . . . . Installed . | . . . . . . Triggered . | . . . . . . Machines | -11 -10 -10 -10 -9 -8 ---------- Run | Yrd Mat Min Exi Min Mat Machines Disabled 5 | . 4 . . . 1 Max in Single Turn 1 | . 1 . . . 1 Machines Repaired . | . . . . . . Machines Dismantled . | . . . . . . Machines Sabotaged . | . . . . . . Overloaded Fab Kills . | . . . . . . Hacking | -11 -10 -10 -10 -9 -8 --------- Run | Yrd Mat Min Exi Min Mat Machines Accessed 16 | . 8 . 5 1 2 Terminals 8 | . 6 . . 1 1 Fabricators . | . . . . . . Repair Stations 1 | . 1 . . . . Recycling Units 1 | . 1 . . . . Scanalyzers 1 | . . . . . 1 Garrison Access . | . . . . . . Total Hacks 80 | . 22 . 50 2 6 Successful 64 | . 9 . 50 2 3 Failed 16 | . 13 . . . 3 Catastrophic 2 | . 2 . . . . Database Lockouts . | . . . . . . Manual 1 | . . . 1 . . Terminals 24 | . 18 . . 2 4 Fabricators . | . . . . . . Repair Stations 3 | . 3 . . . . Recycling Units 1 | . 1 . . . . Scanalyzers 2 | . . . . . 2 Garrison Access . | . . . . . . Terminal Hacks 60 | . 7 . 50 2 1 Record 49 | . . . 49 . . Prototype ID Bank 1 | . 1 . . . . Branch Access Points 1 | . 1 . . . . Alert Level 1 | . . . . 1 . Unreport Threat 1 | . . . . . 1 Locate Traps 2 | . 2 . . . . Hauler Manifests 2 | . 2 . . . . Registered Prototypes 1 | . 1 . . . . Zone Layout 1 | . . . . 1 . Derelict Proto ID Bank 1 | . . . 1 . . Fabricator Hacks . | . . . . . . Repair Station Hacks 1 | . 1 . . . . Scan Component 1 | . 1 . . . . Recycling Unit Hacks 1 | . 1 . . . . Report Inventory 1 | . 1 . . . . Scanalyzer 2 | . . . . . 2 Insert Component 1 | . . . . . 1 Analyze 1 | . . . . . 1 Garrison Access Hacks . | . . . . . . Unauthorized Hacks . | . . . . . . Terminals . | . . . . . . Fabricators . | . . . . . . Repair Stations . | . . . . . . Recycling Units . | . . . . . . Scanalyzers . | . . . . . . Garrison Access . | . . . . . . Data Cores Recovered . | . . . . . . Used . | . . . . . . Hacking Detections 6 | . 5 . . . 1 Full Trace Events 4 | . 3 . . . 1 Feedback Events . | . . . . . . Feedback Blocked . | . . . . . . Robot Schematics Acquired . | . . . . . . Robots Built . | . . . . . . Authchips . | . . . . . . Time . | . . . . . . Total Robot Build Rating . | . . . . . . Part Schematics Acquired 1 | . . . . . 1 Parts Built . | . . . . . . Authchips . | . . . . . . Time . | . . . . . . Total Part Build Rating . | . . . . . . Parts Repaired . | . . . . . . Time . | . . . . . . Parts Recycled . | . . . . . . Recycled Matter . | . . . . . . Retrieved Matter . | . . . . . . Retrieved Components . | . . . . . . Parts Scanalyzed 1 | . . . . . 1 Part Schematics Acquired 1 | . . . . . 1 Parts Damaged 1 | . . . . . 1 Bothacking | -11 -10 -10 -10 -9 -8 ------------ Run | Yrd Mat Min Exi Min Mat Used RIF Installer . | . . . . . . Robots Hacked . | . . . . . . Non-combat . | . . . . . . Combat . | . . . . . . Robot Hacks Applied . | . . . . . . Relay Couplers Released . | . . . . . . Fabnet Peak Effective % . | . . . . . . Robots Rewired . | . . . . . . Allies Hacked . | . . . . . . Hacks Repelled . | . . . . . . Allies | -11 -10 -10 -10 -9 -8 -------- Run | Yrd Mat Min Exi Min Mat Total Allies 2 | . . 2 . . . Largest Group 2 | . . 2 1 . . Highest-Rated Group 53 | . . 53 31 . . Highest-Rated Ally 31 | . . 31 31 . . Total Orders . | . . . . . . Ally Attacks 2 | . . 2 . . . Total Damage 21 | . . 21 . . . Kills . | . . . . . . Allies Corrupted . | . . . . . . Allies Melted . | . . . . . . Intel | -11 -10 -10 -10 -9 -8 ------- Run | Yrd Mat Min Exi Min Mat Robot Analysis Total . | . . . . . . Derelict Logs Recovered 3 | . . 3 . . . Drone Launches . | . . . . . . Drone Recoveries . | . . . . . . Exploration | -11 -10 -10 -10 -9 -8 ------------- Run | Yrd Mat Min Exi Min Mat Turns Passed 4544 | 332 1872 722 930 172 516 Spaces Moved 2977 | 161 1071 576 770 144 255 Core 216 | 2 1 . . 4 209 Treads 1129 | 159 970 . . . . Legs 1632 | . 100 576 770 140 46 Wheels . | . . . . . . Hover . | . . . . . . Flight . | . . . . . . Fastest Speed 50 | 50 120 120 120 50 50 Average Speed 138 | 158 156 120 120 118 164 Slowest Speed 250 | 160 250 120 120 120 250 Overloaded Moves . | . . . . . . Propulsion Burnouts . | . . . . . . Robots Hopped . | . . . . . . Cave-ins Triggered . | . . . . . . Exploration Rate (%) 56 | 6 95 98 93 30 19 Regions Visited 5 Branch Regions 3 Pre-discovered Areas 4 | . . 3 1 . . Known Exits Taken 1 | . 1 . . . . Unknown Exits Taken 4 | 1 . 1 1 1 . Scrap Searched 2 | . . 1 . 1 . Spaces Dug . | . . . . . . Terrain Destroyed 165 | . 74 29 . . 62 Melee . | . . . . . . Projectile . | . . . . . . AOE 165 | . 74 29 . . 62 Terrain Rammed . | . . . . . . Walls Destroyed . | . . . . . . Machines Disabled . | . . . . . . Actions | -11 -10 -10 -10 -9 -8 --------- Run | Yrd Mat Min Exi Min Mat Total 3211 | 228 1162 600 775 144 302 Wait 80 | 55 14 11 . . . Move 2972 | 160 1070 575 769 143 255 Hop . | . . . . . . Pick Up 14 | 2 7 1 . . 4 Fast Attach 20 | 7 6 . 2 . 5 Attach 4 | . . . . . 4 Detach 1 | . 1 . . . . Swap 12 | . 2 6 2 . 2 Drop 15 | . 9 2 2 . 2 Fire 88 | 3 53 2 . 1 29 Melee . | . . . . . . Ram . | . . . . . . Kick 4 | . . 3 . . 1 Crush 1 | 1 . . . . . Escape Stasis . | . . . . . . Rewire . | . . . . . . Trap . | . . . . . . Miscellaneous . | . . . . . . Route ------- -11/Scrapyard -10/Materials (discovered 5 exits: [*Mat x3] / *Min / [*Sub]) -10/Mines (discovered 3 exits: [*Mat x2] / *Exi) -10/Exiles (discovered 2 exits: *Min x2) -9/Mines -8/Materials History --------- Turn | Location | Event 29 | -11/Scrapyard | Discovered new exit (range 13) 333 | -11/Scrapyard | Entered Materials 334 | -10/Materials | Build established: Mutant 504 | -10/Materials | Discovered new exit (range 8) 737 | -10/Materials | Discovered new exit (range 6) 841 | -10/Materials | Discovered new exit (range 7) 1299 | -10/Materials | Discovered new exit (range 6) 1619 | -10/Materials | Discovered new exit (range 5) 1955 | -10/Materials | Identified exit to Mines 2033 | -10/Materials | Derelicts attacked the area 2205 | -10/Materials | Entered Mines 2229 | -10/Mines | Learned location of Storage (-7) 2362 | -10/Mines | Build established: Scavenger-Mutant 2411 | -10/Mines | Discovered new exit (range 8) 2795 | -10/Mines | Found a damaged Exp. Sensor Array with a note attached 2802 | -10/Mines | Found Prototype Device 2838 | -10/Mines | Discovered new exit (range 7) 2918 | -10/Mines | Deemed a non-threat by the Exiles lab entrance 2919 | -10/Mines | Discovered new exit (range 5) 2927 | -10/Mines | Entered Exiles 2927 | -10/Exiles | Accompanied by 1 ally 2957 | -10/Exiles | Led the pair of lost Derelicts to a safe place 2960 | -10/Exiles | Discovered new exit (range 15) 2977 | -10/Exiles | Met 8R-AWN 2996 | -10/Exiles | Met EX-HEX 3060 | -10/Exiles | Met EX-DEC 3101 | -10/Exiles | Visited The Gauntlet 3276 | -10/Exiles | Learned location of Zion (-7) 3313 | -10/Exiles | Discovered new exit (range 11) 3395 | -10/Exiles | Met EX-BIN 3578 | -10/Exiles | Aligned with FarCom system 3579 | -10/Exiles | Given EX-Vault access code 3607 | -10/Exiles | Opened EX-Vault 3619 | -10/Exiles | Found Modified TNC 3648 | -10/Exiles | Warned to stay clear of 0b10 Research branches 3857 | -10/Exiles | Left Exiles lab with Modified TNC 3857 | -10/Exiles | Entered Mines 3892 | -9/Mines | Discovered new exit (range 9) 4019 | -9/Mines | Assembled infested the area 4024 | -9/Mines | Assisted by a Guerilla fighting off Assembled 4024 | -9/Mines | Core integrity fell below 50% 4029 | -9/Mines | Entered Materials 4029 | -8/Materials | Evolved 4 slots: Propulsion x1, Utility x3 4029 | -8/Materials | Identified Exp. Sensor Array 4058 | -8/Materials | Lost 4 parts (1p2n1w) 4288 | -8/Materials | Garrison activated, responded to threat 4354 | -8/Materials | Build established: Skirmisher 4390 | -8/Materials | Lost 3 parts (1p1u1w) 4511 | -8/Materials | Core integrity fell below 50% 4539 | -8/Materials | Core integrity fell below 20% 4545 | -8/Materials | Destroyed by G-47 Trooper with Particle Gun Last Messages --------------- 04521_ K-01 Serf collects debris. 04522_ G-47 Trooper knocked back. 04524_ K-01 Serf collects debris. 04528_ Imp. Light Cannon destroyed. 04528_ K-01 Serf collects debris. 04531_ U-05 Engineer builds a Door. 04531_ K-01 Serf collects debris. 04532_ Imp. Aluminum Leg destroyed. 04535_ K-01 Serf collects debris. 04535_ Hacking Suite destroyed. 04538_ Beam Cannon destroyed. 04539_ K-01 Serf collects debris. 04540_ Y-45 Defender destroyed. 04541_ U-05 Engineer lays Concrete. 04542_ U-05 Engineer builds a Wall. 04542_ K-01 Serf collects debris. 04542_ G-47 Trooper destroyed. 04542_ Y-45 Defender destroyed. 04543_ Rocket Launcher destroyed. 04544_ Acquired Lgt. Treads. Map ----- +----------------------------------------------------+ | ???????????????????????????????? ##?????????? | | ?????????????????????????????????? ##?????????? | | ????????????????????????????????? ##?????????? | | ??????????????????######## #### ##?????????? | | ??????? # ????????################# ##?????????? | | ??????? # a???????## #### ##?????????? | | ??????? # ???????## #### ##?????????? | | ??????? # ???????## #### ##?????????? | | ? ???? # ??????## #### ###????????? | | ???? # ??????## # # #####??????? | | ???? # ??????## # # ####?????? | | ???? # ??????## # ## ## ####????? | | # # # #######+######### ## ###????? | | ###### ########### # ##????? | | # ####????? | | % ##??????? | | % ! % # ##??????? | | ==! """"""" """"" "=k #####??????? | | =%= """"""" """""""%[ #####??????? | | [* """"""" """""""=* ##?????????? | | """"""" """"""% gT ######## #####??????? | | """"%"" """"""" g% #########a#### ??????? | | a != ######## + ??????? | | g *%= ! ###g # ??????? | | ## #T##################%[% ### # ??????? | | ##/######## *@ """ + # ??????? | | ####??## """ ###### # ??????? | | """##????## """ ## # """ ###### # ??????? | | """##????## """ "" ## u ##???? ##??????? | | """##????## """ """## #########???? ??????? | | ##????## S"## ## ????? ???????? | | """######## ## ## ???????????? ??????? | | """################+### # ???????????? # ????? | | ""### # ???????????? # ????? | | / + ???????????? ????? | | ###### # ???????????????????? | | #######+##### ####### # ???????????????????? | | ?## # # # ####### ???????????????????? | | ?## """"""" # ############# ???????????????????? | | ?## """"""" # ########?????????????????????????? | | ?## """"""" ######???????????????????????????????? | | ?## """"""" ######???????????????????????????????? | | ?## """"""" ##???????????????????????????????????? | | ?## ##???????????????????????????????????? | | ?## ##???????????????????????????????????? | | ?#############???????????????????????????????????? | | | | | | | | | +----------------------------------------------------+ Best States ------------- Heat Dissipation 31 Energy Generation 14 Energy Capacity 250 Matter Stores 300 Matter Capacity 300 Sight Range 16 Robot Scan Range 20 Terrain Scan Range 16 Terrain Scan Density 10 Evasion (%) 55 Targeting Accuracy 5 Recoil Reduction 2 Offensive Hacking 10 Item Schematics ----------------- Rocket Launcher | -8/Materials | Scanalyzed Robot Schematics ------------------ None Fabricated ------------ Nothing Alien Tech Used ----------------- None Achievements -------------- None Challenges ------------ None Game ------ Seed SensorBlastGun Manual? 0 Play Time 00:50:59 Cumulative 23.4 hours Start 2024.06.03 @ 17:47:00 End 2024.06.04 @ 12:31:14 Sessions 1 Manual Loads 0 Difficulty Rogue Special Mode None Game No. 40 Rogue 40 Adventurer 0 Explorer 0 Win Type - Total 0 Types 0/0/0/0/0/0/0/0/0 Lore% 21 Gallery% 25 Achievement% 17 Wizard Run 0 Options --------- Layout 1 ASCII 0 Keyboard 0 Movement Arrows Keybinds 0 Fullscreen 1 Font 16/Terminus Map View 50x40 Zoom Use 8% Tactical HUD 1 Map Filters NONE Filters NONE Steam SD RUN: 397102a6-1195-4b11-a17a-8f707c475cf5